Map: Acid Plant LE

Players

Zest - Winner!

  • Race: Protoss Protoss
  • League: Master
  • Spawn Location: 5:00

PartinG

  • Race: Protoss Protoss
  • Spawn Location: 11:00

Event: HomeStory Cup XVII

VOD

Have the link to the VOD?

Description

Time

  • Played on: July 1, 2018, 8:21 a.m.
  • Length: 5:02

All games in this series

Show
View Real Time Build Order
Export as new Build Order

Zest Protoss - Winner!

Build Orders: Phoenix Opening 

Get SALT Encoding   

  12  0:00  Probe  
  13  0:12  Probe  
  14  0:17  Pylon  
  14  0:23  Probe  
  15  0:31  Probe  
  15  0:36  Gateway  
  15  0:40  Probe  
  16  0:46  Assimilator  
  17  0:50  Probe  
  18  0:58  Probe  
  18  1:03  Assimilator  
  19  1:06  Probe  
  20  1:11  Gateway  
  20  1:17  Probe  
  20  1:24  Cybernetics Core  
  21  1:29  Probe  
  22  1:40  Pylon  
  22  1:41  Probe  
  23  1:58  Probe  
  23  2:00  Sentry, Stalker  
  28  2:01  Warp Gate  
  28  2:09  Pylon  
  28  2:31  Robotics Facility  
  28  2:32  Stalker  
  30  2:47  Sentry  
  32  2:56  Nexus  
  32  3:05  Phoenix  
  32  3:07  Immortal  
  36  3:26  Probe  
  36  3:28  Pylon  
  36  3:35  Shield Battery  
  36  3:38  Warp Prism  
  36  3:47  Probe  
  39  4:06  Stalker  
  39  4:07  Stalker  
  43  4:15  Observer  
  44  4:27  Probe  
  44  4:28  Probe  
  44  4:29  Stalker x2  
  50  4:44  Probe x2  
  52  4:46  Pylon  
  52  4:56  Stalker x2  
Show
View Real Time Build Order
Export as new Build Order

PartinG Protoss 

Build Orders: Oracle Opening, Phoenix Opening 

Get SALT Encoding   

  12  0:00  Probe  
  13  0:12  Probe  
  14  0:19  Pylon  
  14  0:24  Probe  
  15  0:33  Probe  
  15  0:38  Gateway  
  15  0:41  Probe  
  16  0:47  Assimilator  
  17  0:51  Probe  
  17  0:55  Assimilator  
  18  0:59  Probe  
  19  1:07  Gateway, Probe  
  20  1:18  Probe  
  21  1:26  Cybernetics Core  
  21  1:30  Probe  
  22  1:35  Pylon  
  22  1:42  Probe  
  23  1:53  Pylon  
  23  1:57  Probe  
  24  2:02  Stalker  
  24  2:03  Sentry  
  24  2:04  Warp Gate  
  28  2:10  Probe  
  28  2:33  Stargate  
  28  2:43  Nexus  
  28  2:51  Stalker  
  28  2:58  Stalker  
  32  3:02  Probe  
  33  3:10  Oracle, Pylon  
  33  3:14  Probe  
  37  3:28  Probe  
  38  3:37  Shield Battery  
  38  3:43  Probe  
  38  3:46  Phoenix  
  42  3:55  Probe  
  42  4:00  Probe  
  43  4:02  Phoenix  
  43  4:07  Probe  
  43  4:09  Probe  
  47  4:17  Probe, Pylon  
  47  4:19  Probe  
  47  4:20  Phoenix  
  49  4:26  Probe  
  52  4:32  Probe  
  52  4:38  Probe  
  54  4:41  Gateway  
  54  4:44  Probe  
  55  4:50  Probe  
  58  4:53  Stalker  
Tags
 
Add a new tag
Caveats
  • Supply blocks, unpowered buildings, or Contaminate may cause inaccurate times.
  • Supply counts are checked every 10 seconds.